 Dungeon Crawl Stone Soup version 0.32-a0-898-g7811c86cf0 (webtiles) character file.

Game seed: 10544478870805354051

702 Fodor the Cudgeller (level 7, -3/61 HPs)
             Began as a Minotaur Fighter on Apr 4, 2024.
             Killed by divine providence
             ... invoked by an orc priest
              (8 damage)
             ... on level 6 of the Dungeon.
             The game lasted 00:09:31 (3645 turns).

Fodor the Cudgeller (Minotaur Fighter)              Turns: 3645, Time: 00:09:32

Health: -3/61      AC: 10    Str: 22    XL:     7   Next: 38%
Magic:  6/6        EV:  7    Int:  5    God:
Gold:   151        SH:  0    Dex: 10    Spells: 6/6 levels left

rFire   . . .        w - +0 great mace
rCold   . . .        (shield currently unavailable)
rNeg    . . .        b - +0 chain mail
rPois   .            (helmet restricted)
rElec   .            (no cloak)
rCorr   .            (no gloves)
SInv    .            (no boots)
Will    .....        f - amulet of reflection Stlth
                     (no ring)
HPRegen 0.30/turn    (no ring)
MPRegen 0.10/turn

%: reflection
@: confused
A: horns 2, retaliatory headbutt
a: Convert to Beogh


You were on level 6 of the Dungeon.
You visited 1 branch of the dungeon, and saw 6 of its levels.

You collected 151 gold pieces.

Inventory:

Hand Weapons
 h - a +0 war axe
 w - a +0 great mace (weapon)
Armour
 b - a +0 chain mail (worn)
Jewellery
 f - an amulet of reflection (around neck)
Wands
 u - a wand of flame (18)
Scrolls
 a - 3 scrolls of teleportation
 c - 2 scrolls of torment
 j - 2 scrolls of vulnerability
 m - a scroll of fog {unknown}
 n - a scroll of enchant armour {unknown}
 q - a scroll of amnesia
 s - a scroll of identify
 t - a scroll of poison {unknown}
Potions
 d - a potion of might
 e - a potion of berserk rage {unknown}
 g - a potion of resistance {unknown}
 i - a potion of ambrosia {unknown}
 k - a potion of curing
 l - a potion of attraction {unknown}
 p - a potion of invisibility {unknown}


   Skills:
 + Level 5.4 Fighting
 + Level 3.3(5.1) Axes
 + Level 6.0(6.4) Maces & Flails
 + Level 5.9 Armour
 + Level 1.0 Dodging
 + Level 0.9 Stealth
 + Level 4.3 Shields


You had 6 spell levels left.
You didn't know any spells.
Your spell library contained the following spells:

 Spells                   Type           Power      Damage    Failure   Level
 Summon Small Mammal      Summ           0%         N/A       97%         1
 Ensorcelled Hibernation  Hex/Ice        0%         N/A       99%         2
 Call Canine Familiar     Summ           0%         N/A       100%        3
 Passwall                 Erth           0%         N/A       100%        3
 Swiftness                Air            0%         N/A       100%        3
 Summon Blazeheart Golem  Fire/Summ      0%         N/A       100%        4


Dungeon Overview and Level Annotations

Branches:
Dungeon (6/15)
 Temple: D:4-7

Altars:
Uskayaw
Zin

Shops:
D:4 =

Annotations:
D:4 2 transporters, Livid's ghost, amateur FoFi


Innate Abilities, Weirdness & Mutations

You have a pair of horns on your head.
You reflexively headbutt those who attack you in melee.


Message History

Items here: )) [ ††.
The orc priest mumbles some strange prayers to Beogh against you.
Beogh smites you!
* * * LOW HITPOINT WARNING * * *
Something hits you.
* * * LOW HITPOINT WARNING * * *
Unknown command.
You barely miss something.
You hear some strange, mumbled words.
Something tries to affect you, but you resist.
Something hits you but does no damage. x3
The orc priest miscasts a cantrip.
Unknown command.
You miss something. Your headbutt misses something. Something hits you.
* * * LOW HITPOINT WARNING * * *
Something hits you but does no damage.
You hear some strange, mumbled words.
A puff of flame appears from out of thin air!
The puff of flame hits you but does no damage.
The orc priest hits you but does no damage.
You closely miss something. Something hits you but does no damage.
Something hits you.
* * * LOW HITPOINT WARNING * * *
The orc priest hits you with a +0 whip.
* * * LOW HITPOINT WARNING * * *
You hear some strange, mumbled words.
Something tries to affect you, but you resist.
You bludgeon something!!
Reactivating autopickup.
You feel a bit more experienced.
The orc priest threatens, "Beogh's wrath is as vast as their mercy.
Make your choice!"
You hear some strange, mumbled words.
Deactivating autopickup; reactivate with Ctrl-A.
You are confused.
The orc priest hits you but does no damage.
Something hits you.
* * * LOW HITPOINT WARNING * * *
The orc priest mumbles some strange prayers to Beogh against you.
Beogh smites you!
You die...

........#####..>.....#.
........#####.......<#
...........##........#
#####.###............#
#.# ##.#........# #.##
#..........## #..#
##..........## ##.###
#....{o.....# #..<#
##...@....#.# #......##
#(..))...#.# ...######
#......### . # ######.#
#$# #># #.# #.. ...


You could see an orc priest.

Vanquished Creatures
  Edmund (D:5)
  An orc warrior (D:5)
  2 ogres
  2 orc priests
  2 bombardier beetles
  An iguana (D:6)
  An orc wizard (D:6)
  5 adders
  A white imp (D:6)
  5 ribbon worms
  3 dart slugs (D:2)
  14 orcs
  5 bats
  12 endoplasms
  6 giant cockroaches
  8 goblins
  7 hobgoblins
  5 jackals
  A quokka (D:1)
  2 ball pythons
  4 frilled lizards
  9 kobolds
  5 rats
102 creatures vanquished.

Notes
Turn   | Place    | Note
-------+----------+-------------------------------------------
     0 | D:1      | Fodor the Minotaur Fighter began the quest for the Orb.
     0 | D:1      | Reached XP level 1. HP: 19/19 MP: 0/0
   202 | D:1      | Reached XP level 2. HP: 25/27 MP: 1/1
   719 | D:2      | Reached XP level 3. HP: 33/33 MP: 2/2
  1076 | D:2      | Found a hide-covered altar of Uskayaw.
  1190 | D:2      | Reached skill level 1 in Maces & Flails
  1420 | D:2      | Reached XP level 4. HP: 39/41 MP: 3/3
  1725 | D:3      | Reached skill level 2 in Maces & Flails
  2189 | D:3      | Reached XP level 5. HP: 47/47 MP: 4/4
  2694 | D:4      | Identified the +1 spear of Res Judicata {flame, rF+ Str+7}
  2748 | D:4      | Reached skill level 3 in Maces & Flails
  3050 | D:4      | Found a transporter.
  3067 | D:4      | Noticed Livid's ghost (amateur FoFi)
  3105 | D:4      | Found Ceimires's Jewellery Shop.
  3195 | D:4      | Noticed an ogre
  3198 | D:4      | Killed an ogre
  3199 | D:4      | Reached skill level 5 in Fighting
  3199 | D:4      | Reached XP level 6. HP: 36/56 MP: 5/5
  3209 | D:4      | Found a transporter.
  3367 | D:5      | Entered Level 5 of the Dungeon
  3422 | D:5      | Reached skill level 4 in Maces & Flails
  3449 | D:5      | Found a glowing silver altar of Zin.
  3458 | D:5      | Reached skill level 5 in Armour
  3476 | D:5      | Noticed Edmund
  3482 | D:5      | Killed Edmund
  3483 | D:5      | Noticed an orc warrior
  3495 | D:5      | Killed an orc warrior
  3496 | D:5      | Reached skill level 5 in Maces & Flails
  3496 | D:5      | Reached skill level 1 in Dodging
  3496 | D:5      | Reached XP level 7. HP: 9/61 MP: 6/6
  3640 | D:6      | Reached skill level 6 in Maces & Flails
  3645 | D:6      | Killed from afar by an orc priest

Illustrated notes

Levels and vault maps discovered:
D:1:      lightli_arrival_noodles, layout_loops_cross, serial_bayou_lake_a
D:2:      layout_basic, basic_altar, minmay_circle_x
D:3:      layout_loops_corners, st_stairs_14
D:4:      layout_basic, serial_shops, kennysheep_mini, gammafunk_ghost_arena
D:5:      layout_basic, mainiacjoe_overflow_alcove_1,
          minmay_temple_entry_slanted, uniq_edmund
D:6:      layout_rooms, elyvilon_altar_5, enter_ossuary_3

Skill      XL: |  1  2  3  4  5  6  7 |
---------------+----------------------+-----
Fighting       | 4 5 |  5.4
Axes           | 3 |  3.3
Armour         | 4 5 |  5.9
Maces & Flails | 1 2 3 5 6 |  6.0
Shields        | 4 |  4.3
Dodging        | 1 |  1.0
Stealth        | |  0.9

Action                     |  1- 3 |  4- 6 |  7- 9 || total
---------------------------+-------+-------+-------++-------
  Melee: War axe           |    53 |       |       ||    53
         Headbutt          |    11 |    19 |     1 ||    31
         Great mace        |    40 |   126 |    16 ||   182
    Use: Scroll            |       |     6 |       ||     6
         Potion            |       |     1 |       ||     1
 Armour: Scale mail        |    71 |       |       ||    71
         Chain mail        |    10 |    97 |    28 ||   135
  Dodge: Dodged            |    53 |    42 |     6 ||   101
  Block: Buckler           |    12 |       |       ||    12
         Other             |     2 |    36 |     3 ||    41
         Reflection        |       |     2 |       ||     2

Table legend: (Time is in decaauts)
 A = Elapsed time spent in this place.
 B = Non-inter-level travel time spent in this place.
 C = Inter-level travel time spent in this place.
 D = Time resting spent in this place.
 E = Time spent auto-exploring this place.
 F = Levels seen in this place.
 G = Mean time per level.
                   A        B        C        D        E       F      G
               +--------+--------+--------+--------+--------+-----+--------+
         Total |   3772 |   3756 |     16 |     74 |   2597 |   6 |  628.7 |
       Dungeon |   3772 |   3756 |     16 |     74 |   2597 |   6 |  628.7 |
               +--------+--------+--------+--------+--------+-----+--------+

Top non-repeatable levels by time:
     D:3: 992 daAuts
     D:2: 963 daAuts
     D:4: 794 daAuts
     D:1: 726 daAuts
     D:5: 182 daAuts
     D:6: 113 daAuts
